 Dungeon Crawl Stone Soup version 0.27-a0-379-g34d631faf5 (webtiles) character file.

Game seed: 9232087294101977309

166329 CryoSword the Gelid (level 17, -5/151 HPs)
             Began as a Ghoul Ice Elementalist on Feb 17, 2021.
             Was the Champion of Makhleb.
             Slain by a +2 dire flail of holy wrath (9 damage)
             ... on level 2 of the Elven Halls.
             The game lasted 03:00:02 (35355 turns).

CryoSword the Gelid (Ghoul Ice Elementalist)       Turns: 35355, Time: 03:00:02

Health: -5/151     AC: 22    Str: 20    XL:     17   Next: 90%
Magic:  10/25      EV: 10    Int: 18    God:    Makhleb [******]
Gold:   509        SH:  7    Dex:  6    Spells: 10/26 levels left

rFire    + + .     SeeInvis +   a - +9 morningstar "Zust" {venom, Int+3 SInv Stlth+}
rCold    + + .     Faith    .   r - +2 buckler of Living the Good {rElec rPois rN+ Str+6 Dex-3}
rNeg     + + +     Spirit   .   O - +3 fire dragon scales
rPois    ∞         Reflect  .   k - +2 helmet
rElec    +         Harm     .   v - scarf {rC+ rF+}
rCorr    .         Rampage  .   Q - +2 pair of gloves
Will     +....                  L - +2 pair of boots {Stlth+}
Stlth    ++++......             C - amulet of magic regeneration
HPRegen  0.00/turn              b - ring of ice
MPRegen  0.44/turn              z - ring "Rixzoub" {*Contam Slay+5 SInv, =R}

@: very slightly contaminated, invisible
A: claws 1, cold resistance 1, negative energy resistance 3, inhibited
regeneration, torment resistance, unbreathing
a: Renounce Religion, Minor Destruction, Lesser Servant of Makhleb, Major
Destruction, Greater Servant of Makhleb


You were on level 2 of the Elven Halls.
You worshipped Makhleb.
Makhleb was exalted by your worship.
You visited 5 branches of the dungeon, and saw 26 of its levels.
You also visited: Ossuary, Gauntlet, Ice Cave and Volcano.

You collected 3378 gold pieces.
You spent 2869 gold pieces at shops.

Inventory:

Hand Weapons
 a - the +9 morningstar "Zust" (weapon) {venom, Int+3 SInv Stlth+}
   (You bought it in a shop on level 12 of the Dungeon)

   It poisons the flesh of those it strikes.
   It affects your intelligence (+3).
   It lets you see invisible.
   It makes you more stealthy.
Missiles
 c - 25 boomerangs
 h - 19 poisoned darts
 i - 7 throwing nets
 M - 20 atropa-tipped darts
Armour
 k - a +2 helmet (worn)
   (You found it on level 2 of the Dungeon)
 r - the +2 buckler of Living the Good (worn) {rElec rPois rN+ Str+6 Dex-3}
   (You found it on level 7 of the Dungeon)

   It affects your strength (+6).
   It affects your dexterity (-3).
   It insulates you from electricity.
   It protects you from poison.
   It protects you from negative energy.
 v - a scarf of resistance (worn)
   (You acquired it on level 11 of the Dungeon)
 y - a +2 cloak of preservation
   (You took it off Crazy Yiuf on level 4 of the Dungeon)
 L - a +2 pair of boots of stealth (worn)
   (You acquired it on level 11 of the Dungeon)
 O - +3 fire dragon scales (worn)
   (You found it on level 15 of the Dungeon)
 Q - a +2 pair of gloves (worn)
   (You found it on level 10 of the Dungeon)
Jewellery
 b - a ring of ice (left hand)
   (You found it on level 1 of the Dungeon)
 o - a +4 ring of evasion
   (You found it on level 3 of the Lair of Beasts)
 w - a +6 ring of strength
   (You found it on level 6 of the Lair of Beasts)
 z - the ring "Rixzoub" (right hand) {*Contam Slay+5 SInv, =R}
   (You took it off a minotaur in a Gauntlet)

   [ring of see invisible]

   It affects your accuracy and damage with ranged weapons and melee attacks
   (+5).
   It lets you see invisible.
   It causes magical contamination when unequipped.
 C - an amulet of magic regeneration (around neck)
   (You found it on level 5 of the Dungeon)
 N - a ring of protection from fire
   (You found it on level 10 of the Dungeon)
Wands
 d - a wand of mindburst (10)
   (You found it on level 7 of the Dungeon)
 f - a wand of paralysis (30)
   (You found it on level 11 of the Dungeon)
 D - a wand of charming (12)
   (You found it on level 6 of the Lair of Beasts)
 P - a wand of iceblast (35)
   (You took it off Erica on level 10 of the Dungeon)
 W - a wand of acid (9)
   (You found it in an ice cave)
Scrolls
 l - 2 scrolls of identify {@r1}
 m - 3 scrolls of blinking
 p - a scroll of magic mapping
 q - 7 scrolls of teleportation {@r4}
 s - a scroll of brand weapon
 x - 3 scrolls of fog
 A - 3 scrolls of amnesia
 E - a scroll of silence
 I - 7 scrolls of fear
 J - a scroll of holy word {!r}
 V - 4 scrolls of enchant weapon
Potions
 e - 13 potions of curing {@q1}
 n - 4 potions of flight
 t - 8 potions of might
 u - 5 potions of haste {@q3}
 B - 3 potions of cancellation
 F - a potion of invisibility
 G - a potion of resistance
 H - 2 potions of ambrosia
 K - 2 potions of degeneration {!q}
 R - a potion of brilliance
 X - a potion of magic
Miscellaneous
 j - a phantom mirror
   (You took it off a crimson imp on level 14 of the Dungeon)


   Skills:
 - Level 13.8 Fighting
 - Level 3.4 Short Blades
 + Level 9.6 Maces & Flails
 * Level 5.5 Armour
 - Level 4.0 Dodging
 - Level 9.6 Stealth
 + Level 7.9 Shields
 - Level 5.1 Spellcasting
 - Level 5.0 Conjurations
 - Level 6.0 Summonings
 * Level 7.4 Necromancy
 + Level 17.1 Ice Magic
 - Level 12.9 Invocations


You had 10 spell levels left.
You knew the following spells:

 Your Spells              Type           Power        Failure   Level
a - Freeze                Ice            100%         1%          1
b - Ozocubu's Armour      Ice            79%          1%          3
c - Frozen Ramparts       Ice            100%         1%          3
d - Hailstorm             Conj/Ice       61%          4%          4
e - Summon Ice Beast      Ice/Summ       62%          3%          4
z - Animate Skeleton      Necr           62%          1%          1

Your spell library contained the following spells:

 Spells                   Type           Power        Failure   Level
 Pain                     Necr           100%         1%          1
 Vampiric Draining        Necr           15%          6%          3
 Animate Dead             Necr           15%          21%         4
 Agony                    Necr           31%          50%         5
 Animate Armour           Summ/Erth      30%          77%         4
 Iskenderun's Battlesphe  Conj           22%          83%         5
 Summon Mana Viper        Hex/Summ       15%          98%         5
 Cause Fear               Hex            2%           99%         4
 Bolt of Magma            Conj/Fire/Erth 5%           99%         5
 Silence                  Hex/Air        2%           100%        5
 Yara's Violent Unravell  Hex/Tmut       2%           100%        5
 Iron Shot                Conj/Erth      6%           100%        6
 Orb of Destruction       Conj           11%          100%        7
 Spellforged Servitor     Conj/Summ      12%          100%        7
 Discord                  Hex            2%           100%        8
 Ice Form                 Ice/Tmut       Unusable     N/A         4
 Beastly Appendage        Tmut           Unusable     N/A         1
 Wereblood                Tmut           Unusable     N/A         2
 Spider Form              Tmut/Pois      Unusable     N/A         3
 Blade Hands              Tmut           Unusable     N/A         5

Dungeon Overview and Level Annotations

Branches:
Dungeon (15/15)            Temple (1/1) D:4            Lair (6/6) D:10
  Swamp (0/4) Lair:3       Spider (0/4) Lair:3        Slime (0/5) Lair:6
    Orc (2/2) D:12            Elf (2/3) Orc:2        Vaults (0/5) D:14
 Depths (0/5) D:15        Ossuary (visited)           IceCv (visited)
Volcano (visited)         Gauntlet (visited)

Altars:
Ashenzari
Cheibriados
Dithmenos
Elyvilon
Fedhas
Kikubaaqudgha
Makhleb
Nemelex Xobeh
Qazlal
Ru
Sif Muna
Trog
Uskayaw
Vehumet
Wu Jian
Xom
Yredelemnul
Zin
The Shining One
Beogh
Jiyva

Shops:
D:5 =   D:7 [   D:12 *((   Orc:2 ***?=([   Elf:1 *:

Annotations:
D:9 2 transporters, glosham's ghost, weakling FoFi
D:10 3 runed translucent doors
Lair:2 2 runed translucent doors, miami27's ghost, journeyman GrFi
Elf:1 exclusion: orange crystal statue


Innate Abilities, Weirdness & Mutations

You thrive by killing the living.
You are immune to poison.
You have sharp fingernails.
Your flesh is cold resistant. (rC+)
You are immune to negative energy. (rN+++)
You do not regenerate when monsters are visible.
You are immune to unholy pain and torment.
You can survive without breathing.


Message History

Your ice beast hits the +2 dire flail of holy wrath but does no damage.
You feel a surge of power! A chill wind blows around you.
The +0 short sword of speed hits your ice beast.
The +2 dire flail of holy wrath hits you but does no damage.
The +0 short sword of speed hits your ice beast!
Your ice beast misses the +0 short sword of speed.
Your ice beast closely misses the +2 dire flail of holy wrath.
The +0 short sword of speed hits your ice beast!
The +2 dire flail of holy wrath hits you!
* * * LOW HITPOINT WARNING * * *
You convulse.
* * * LOW HITPOINT WARNING * * *
Your ice beast closely misses the +0 short sword of speed.
Your ice beast barely misses the +0 short sword of speed.
You feel a surge of power!
The walls around you are covered in ice.
The +0 short sword of speed resists.
The wall freezes the +0 short sword of speed.
The +0 short sword of speed hits your ice beast!
The +2 dire flail of holy wrath completely resists.
The wall freezes the +2 dire flail of holy wrath but does no damage.
The +2 dire flail of holy wrath hits you but does no damage.
The +0 short sword of speed resists.
The wall freezes the +0 short sword of speed.
Your ice beast barely misses the +0 short sword of speed.
Your ice beast hits the +2 dire flail of holy wrath but does no damage.
The +2 dire flail of holy wrath completely resists.
The wall freezes the +2 dire flail of holy wrath but does no damage.
The +2 dire flail of holy wrath hits you!
* * * LOW HITPOINT WARNING * * *
You convulse!
* * * LOW HITPOINT WARNING * * *
You feel a surge of power! A film of ice covers your body!
The +0 short sword of speed completely resists.
The wall freezes the +0 short sword of speed but does no damage.
The +0 short sword of speed hits you but does no damage.
The +0 short sword of speed completely resists.
The wall freezes the +0 short sword of speed but does no damage.
The +0 short sword of speed closely misses you.
The +2 dire flail of holy wrath completely resists.
The wall freezes the +2 dire flail of holy wrath but does no damage.
The +2 dire flail of holy wrath hits you but does no damage.
Your ice beast hits the +0 short sword of speed.
Your ice beast freezes the +0 short sword of speed.
The +0 short sword of speed resists.
Your ice beast hits the +0 short sword of speed but does no damage.
The +0 short sword of speed completely resists.
The wall freezes the +0 short sword of speed but does no damage.
The +0 short sword of speed hits you but does no damage.
Your ice beast hits the +2 dire flail of holy wrath but does no damage.
You bludgeon the +2 dire flail of holy wrath!!
The +2 dire flail of holy wrath completely resists.
The wall freezes the +2 dire flail of holy wrath but does no damage.
The +2 dire flail of holy wrath hits you!
* * * LOW HITPOINT WARNING * * *
You convulse.
* * * LOW HITPOINT WARNING * * *
The +0 short sword of speed completely resists.
The wall freezes the +0 short sword of speed but does no damage.
The +0 short sword of speed hits you but does no damage.
Your ice beast closely misses the +0 short sword of speed.
The +0 short sword of speed completely resists.
The wall freezes the +0 short sword of speed but does no damage.
The +0 short sword of speed hits you but does no damage.
Your ice beast misses the +0 short sword of speed.
Your ice beast hits the +2 dire flail of holy wrath but does no damage.
You closely miss the +2 dire flail of holy wrath.
The +2 dire flail of holy wrath resists.
The wall freezes the +2 dire flail of holy wrath.
The +2 dire flail of holy wrath hits you!
* * * LOW HITPOINT WARNING * * *
You convulse.
* * * LOW HITPOINT WARNING * * *
The +0 short sword of speed resists.
The wall freezes the +0 short sword of speed.
The +0 short sword of speed hits you but does no damage.
The +2 dire flail of holy wrath completely resists.
The wall freezes the +2 dire flail of holy wrath but does no damage.
The +2 dire flail of holy wrath hits you!
* * * LOW HITPOINT WARNING * * *
You convulse.
* * * LOW HITPOINT WARNING * * *
Your ice beast hits the +0 short sword of speed.
Your ice beast freezes the +0 short sword of speed.
The +0 short sword of speed resists.
The +0 short sword of speed completely resists.
The wall freezes the +0 short sword of speed but does no damage.
The +0 short sword of speed hits you but does no damage.
Your ice beast closely misses the +0 short sword of speed.
Your ice beast hits the +2 dire flail of holy wrath but does no damage.
You feel much better.
The +0 short sword of speed resists.
The wall freezes the +0 short sword of speed.
The +0 short sword of speed hits you but does no damage.
The +2 dire flail of holy wrath resists.
The wall freezes the +2 dire flail of holy wrath.
The +2 dire flail of holy wrath hits you!
* * * LOW HITPOINT WARNING * * *
You convulse.
* * * LOW HITPOINT WARNING * * *
The +0 short sword of speed completely resists.
The wall freezes the +0 short sword of speed but does no damage.
You block the +0 short sword of speed's attack.
Your ice beast misses the +0 short sword of speed.
Your ice beast hits the +0 short sword of speed but does no damage.
Your ice beast closely misses the +2 dire flail of holy wrath.
Okay, then.
The floor.
Unknown command.
Unknown command.
Okay, then.
You fade into invisibility!
The +2 dire flail of holy wrath resists.
The wall freezes the +2 dire flail of holy wrath.
The +2 dire flail of holy wrath closely misses you.
The +0 short sword of speed completely resists.
The wall freezes the +0 short sword of speed but does no damage.
The +0 short sword of speed barely misses you.
The +0 short sword of speed completely resists.
The wall freezes the +0 short sword of speed but does no damage.
The +0 short sword of speed hits you but does no damage.
Your ice beast closely misses the +0 short sword of speed.
The +2 dire flail of holy wrath completely resists.
The wall freezes the +2 dire flail of holy wrath but does no damage.
The +2 dire flail of holy wrath hits you but does no damage.
Your ice beast hits the +0 short sword of speed.
Your ice beast freezes the +0 short sword of speed.
The +0 short sword of speed resists.
Your ice beast completely misses the +2 dire flail of holy wrath.
You are very lightly contaminated with residual magic.
You hit the +2 dire flail of holy wrath.
The +0 short sword of speed resists.
The wall freezes the +0 short sword of speed.
You block the +0 short sword of speed's attack.
The +2 dire flail of holy wrath completely resists.
The wall freezes the +2 dire flail of holy wrath but does no damage.
The +2 dire flail of holy wrath hits you!
* * * LOW HITPOINT WARNING * * *
You convulse!
* * * LOW HITPOINT WARNING * * *
The +0 short sword of speed resists.
The wall freezes the +0 short sword of speed.
The +0 short sword of speed hits you but does no damage.
Your ice beast misses the +0 short sword of speed.
Your ice beast completely misses the +0 short sword of speed.
Your ice beast hits the +2 dire flail of holy wrath but does no damage.
Your icy armour and frozen ramparts will break if you move.
Continue?
Your icy armour cracks and falls away as you move.
The frozen ramparts melt away as you move.
The +2 dire flail of holy wrath hits you!
You die...

.......## ........##
(........## #.....# ##)...#
##Y..# .## ##YY.##
...##.(.## #############
.......(@## #............
...........#####........##
.............##...........#
............#####....)...##
...........## ##.))...##
...........## ###.####
............## #.#
.............#######.######
............###............


You could see 2 dancing weapons and 3 friendly ice beasts.

Vanquished Creatures
  A deep elf blademaster (Elf:2)
  Agnes (Elf:2)
  A frost giant (IceCv)
  An orc warlord (Elf:1)
  A deep elf sorcerer (Elf:2)
  A deep elf demonologist (Elf:1)
  A deep elf annihilator (Elf:1)
  3 fire dragons
  Fannar (Lair:3)
  7 hydras
  3 boulder beetles
  Erolcha (Orc:2)
  An ice dragon (D:15)
  Erica (D:10)
  7 centaur warriors
  2 death knights
  A catoblepas (D:14)
  17 dancing weapons
  2 tengu warriors
  6 two-headed ogres
  9 death yaks
  An orc high priest (Elf:1)
  A hell hog (Gauntlet)
  5 deep elf knights
  A fire crab (Lair:6)
  A skeletal warrior (D:15)
  6 unseen horrors
  An obsidian statue (Gauntlet)
  14 deep elf zephyrmancers
  A wizard (D:15)
  5 deep elf archers
  6 orc knights
  3 oklob plants
  An orb spider (Lair:3)
  11 deep elf pyromancers
  3 manticores
  A worldbinder (Gauntlet)
  2 salamanders (Volcano)
  14 ugly things
  8 orc sorcerers
  19 elephants
  7 cyclopes
  4 centaur zombies
  2 molten gargoyles (Lair:6)
  2 torpor snails
  Joseph (D:7)
  10 black mambas
  11 cane toads
  3 gargoyles
  5 centaur skeletons
  17 komodo dragons
  2 rime drakes
  A kobold demonologist (D:15)
  2 tengu conjurers
  8 trolls
  17 polar bears
  A queen bee (shapeshifter) (Elf:1)
  A hornet (D:12)
  12 slime creatures
  5 wraiths
  Sigmund (D:2)
  2 shadows
  12 wyverns
  A human (shapeshifter) (Elf:2)
  2 basilisks (Lair:6)
  10 fire bats
  50 yaks
  A fire elemental (Elf:2)
  3 vampire mosquitoes (D:12)
  Menkaure (D:7)
  2 steam dragons
  A warg (Orc:1)
  3 soldier ants
  2 swamp worms (Gauntlet)
  6 hell hounds
  2 acid dragons (D:14)
  9 water moccasins
  Purgy (D:3)
  9 sky beasts
  9 ice beasts
  22 orc warriors
  5 necrophages
  An eye of draining (D:15)
  11 centaurs
  6 boggarts
  34 wolves
  15 ogres
  3 phantoms
  3 kobold brigands
  15 bullfrogs
  A gnoll sergeant (D:6)
  An earth elemental (Elf:1)
  4 scorpions
  A water moccasin skeleton (D:8)
  11 wights
  4 electric eels (Lair:1)
  4 howler monkeys
  7 crimson imps (D:14)
  2 bullfrog zombies (D:12)
  4 lava snakes (Lair:6)
  2 quasits
  4 jellies
  9 hounds
  20 orc priests
  7 bullfrog skeletons
  3 gnoll shamans (D:6)
  Crazy Yiuf (D:4)
  Natasha (twice) (D:4)
  Terence (D:2)
  50 orc wizards
  11 worker ants
  A nameless horror (D:10)
  A hound zombie (D:6)
  3 hound skeletons
  9 mummies
  2 worker ant zombies
  41 gnolls
  7 adders
  2 shadow imps
  8 white imps
  7 ufetubi
  2 adder skeletons (D:4)
  4 worms
  The ghost of UristMcRaven the Covert, a weakling GnDe (D:4)
  A dart slug (D:1)
  8 leopard geckos
  91 orcs
  2 ball pythons
  5 bats
  4 giant cockroaches
  2 gnoll zombies (Ossuary)
  5 goblins
  2 hobgoblins
  4 iguanas
  29 jackals
  4 quokkas
  A frilled lizard (D:2)
  2 hobgoblin zombies (Ossuary)
  A jackal zombie (D:7)
  25 kobolds
  4 kobold zombies (Ossuary)
  A leopard gecko skeleton (D:5)
  A quokka skeleton (D:7)
  5 rats
959 creatures vanquished.

Vanquished Creatures (collateral kills)
  A minotaur (Gauntlet)
  An ettin (Orc:1)
  A boulder beetle (D:11)
  4 hydras
  4 death yaks
  2 skeletal warriors (D:15)
  2 deep elf archers (Elf:1)
  3 orc sorcerers (Orc:2)
  2 deep elf zephyrmancers
  A cyclops (D:15)
  7 deep elf pyromancers
  8 ugly things
  A salamander (Volcano)
  2 centaur zombies
  6 elephants
  3 komodo dragons
  A rime drake (Lair:6)
  A tengu conjurer (D:15)
  A slime creature (D:15)
  11 yaks
  A fire bat (Volcano)
  A basilisk (Lair:6)
  An acid dragon (D:14)
  A warg (Orc:1)
  A water moccasin (Lair:6)
  6 orc warriors
  A necrophage (D:12)
  2 ogres (Volcano)
  7 centaurs
  A bullfrog (D:15)
  3 wights (D:15)
  A lava snake (Lair:6)
  5 orc priests
  2 centaur skeletons
  6 orc wizards
  18 orcs
119 creatures vanquished.

Vanquished Creatures (others)
  A deep elf knight (Elf:2)
  A polar bear (IceCv)
  2 orc wizards (D:13)
  50 fungi
  90 plants
  7 toadstools (Lair:2)
  3 withered plants (D:12)
154 creatures vanquished.

Grand Total: 1232 creatures vanquished

Notes
Turn   | Place    | Note
-------+----------+-------------------------------------------
     0 | D:1      | CryoSword the Ghoul Ice Elementalist began the quest for
                  | the Orb.
     0 | D:1      | Reached XP level 1. HP: 14/14 MP: 2/2
   353 | D:1      | Reached XP level 2. HP: 20/20 MP: 0/3
   939 | D:2      | Noticed Terence
   940 | D:2      | Reached XP level 3. HP: 26/26 MP: 5/5
   990 | D:1      | Reached skill level 5 in Ice Magic
  1153 | D:1      | Learned a level 3 spell: Ozocubu's Armour
  1355 | D:2      | Killed Terence
  1356 | D:2      | Reached XP level 4. HP: 33/33 MP: 0/6
  1675 | D:2      | Found a faded altar of an unknown god.
  2346 | D:2      | Learned a level 3 spell: Frozen Ramparts
  2510 | D:2      | Noticed Sigmund
  2518 | D:2      | Killed Sigmund
  2519 | D:2      | Reached skill level 1 in Fighting
  2519 | D:2      | Reached skill level 6 in Ice Magic
  2519 | D:2      | Reached XP level 5. HP: 37/41 MP: 0/8
  2519 | D:2      | Reached XP level 6. HP: 44/48 MP: 0/9
  3337 | D:3      | Noticed Purgy
  3345 | D:3      | Killed Purgy
  3585 | D:4      | Found a staircase to the Ecumenical Temple.
  3594 | Temple   | Entered the Ecumenical Temple
  3661 | Temple   | Became a worshipper of Makhleb the Destroyer
  3838 | D:4      | Got a bloodstained dagger
  3839 | D:4      | Identified the +6 dagger of Eternal Vigilance {vorpal, rN++
                  | Int+4} (You found it on level 4 of the Dungeon)
  3924 | D:4      | Reached XP level 7. HP: 43/56 MP: 0/10
  3932 | D:4      | Noticed Natasha
  4014 | D:4      | Killed Natasha
  4015 | D:4      | Reached skill level 7 in Ice Magic
  4226 | D:4      | Found a runed translucent gate.
  4226 | D:4      | Found a runed translucent gate.
  4228 | D:4      | Found a runed translucent gate.
  4233 | D:4      | Noticed UristMcRaven's ghost (weakling GnDe)
  4284 | D:4      | Reached skill level 5 in Stealth
  4301 | D:4      | Found a shimmering altar of Xom.
  4604 | D:4      | Reached XP level 8. HP: 63/63 MP: 5/12
  4762 | D:4      | Reached * piety under Makhleb
  4953 | D:4      | Found a runed translucent door.
  4953 | D:4      | Noticed Natasha
  4954 | D:4      | Noticed Crazy Yiuf
  4962 | D:4      | Killed Natasha
  4964 | D:4      | Killed Crazy Yiuf
  4971 | D:4      | Got an ancient mace
  4973 | D:4      | Identified the +1 mace "Widowermaker" {drain, +Inv rElec
                  | rN+ Str+4} (You found it on level 4 of the Dungeon)
  5082 | D:4      | Killed UristMcRaven's ghost
  5129 | D:5      | Entered Level 5 of the Dungeon
  5240 | D:5      | Reached skill level 8 in Ice Magic
  5622 | D:5      | Reached skill level 1 in Short Blades
  5664 | D:5      | Found a blossoming altar of Fedhas.
  5968 | D:5      | Found Setintud's Jewellery Emporium.
  6207 | D:6      | Reached ** piety under Makhleb
  6238 | D:6      | Reached skill level 9 in Ice Magic
  6242 | D:6      | Reached XP level 9. HP: 48/72 MP: 9/14
  6362 | D:6      | Found a shadowy altar of Dithmenos.
  6661 | D:6      | Reached skill level 5 in Fighting
  6843 | D:6      | Reached *** piety under Makhleb
  7301 | D:6      | Reached **** piety under Makhleb
  7610 | D:6      | Reached skill level 10 in Ice Magic
  8017 | D:7      | Found Ehiatyh's Armour Shoppe.
  8038 | D:7      | Bought a +2 buckler for 214 gold pieces
  8076 | D:7      | Reached skill level 1 in Shields
  8134 | D:7      | Noticed Menkaure
  8144 | D:7      | Killed Menkaure
  8278 | D:7      | Found a sand-covered staircase.
  8278 | D:7      | Noticed Joseph
  8301 | D:7      | Killed Joseph
  8302 | D:7      | Reached XP level 10. HP: 48/83 MP: 12/15
  8308 | Ossuary  | Entered an ossuary
  8419 | Ossuary  | Reached ***** piety under Makhleb
  9281 | D:8      | Reached skill level 1 in Invocations
  9821 | D:8      | Found a shimmering altar of Xom.
  9833 | D:8      | Found a sacrificial altar of Ru.
  9864 | D:8      | Found a shadowy altar of Dithmenos.
  9927 | D:8      | Found a radiant altar of Vehumet.
 10128 | D:9      | Noticed a two-headed ogre
 10142 | D:9      | Killed a two-headed ogre
 10182 | D:9      | Found a shimmering altar of Xom.
 10182 | D:9      | Noticed a four-headed hydra
 10198 | D:9      | Reached skill level 11 in Ice Magic
 10200 | D:9      | Killed a four-headed hydra
 10201 | D:9      | Reached XP level 11. HP: 91/91 MP: 6/17
 10403 | D:9      | Noticed a centaur warrior
 10419 | D:9      | Killed a centaur warrior
 10420 | D:9      | Reached skill level 5 in Spellcasting
 10420 | D:9      | Reached skill level 5 in Invocations
 10560 | D:9      | Learned a level 4 spell: Hailstorm
 10565 | D:9      | Learned a level 4 spell: Summon Ice Beast
 10730 | D:9      | Noticed glosham's ghost (weakling FoFi)
 10731 | D:9      | Found a transporter.
 10733 | D:9      | Identified the +11 dire flail "Transmigrator" {freeze, rF+}
 10733 | D:9      | Noticed a two-headed ogre
 10733 | D:9      | Noticed a two-headed ogre
 10734 | D:9      | Found a transporter.
 11114 | D:10     | Entered Level 10 of the Dungeon
 11164 | D:10     | Found the +5 scythe "Finisher" {speed, eviscerate}
 11258 | D:10     | Reached ****** piety under Makhleb
 11288 | D:10     | Found a staircase to the Lair.
 11288 | D:10     | Noticed an oklob plant
 11330 | D:10     | Found a runed translucent door.
 11360 | D:10     | Reached skill level 1 in Summonings
 11400 | D:10     | Noticed Erica
 11411 | D:10     | Killed Erica
 11412 | D:10     | Reached skill level 1 in Conjurations
 11670 | D:10     | Found a runed translucent door.
 11671 | D:10     | Found a runed translucent door.
 11671 | D:10     | Noticed a flayed ghost
 11671 | D:10     | Noticed a tengu warrior
 11672 | D:10     | Found a runed translucent door.
 11672 | D:10     | Noticed a manticore
 11675 | D:10     | Noticed a cyclops
 11691 | D:10     | Killed a cyclops
 11705 | D:10     | Killed a manticore
 11750 | D:10     | Noticed a tengu warrior
 11750 | D:10     | Noticed a cyclops
 11750 | D:10     | Noticed a cyclops
 11834 | D:10     | Noticed a centaur warrior
 11836 | D:10     | Noticed a death knight
 11843 | D:10     | Noticed a cyclops
 11846 | D:10     | Killed a cyclops
 11850 | D:10     | Killed a centaur warrior
 11855 | D:10     | Killed a cyclops
 11857 | D:10     | Noticed a centaur warrior
 11862 | D:10     | Killed a death knight
 11863 | D:10     | Reached skill level 12 in Ice Magic
 11863 | D:10     | Reached XP level 12. HP: 69/101 MP: 1/18
 11947 | D:10     | Noticed a centaur warrior
 11953 | D:10     | Killed a centaur warrior
 12040 | D:10     | Killed a centaur warrior
 12136 | D:10     | Killed a tengu warrior
 12812 | D:11     | Noticed a boulder beetle
 12840 | D:11     | Killed a boulder beetle
 13560 | D:12     | Noticed a two-headed ogre
 13565 | D:12     | Killed a two-headed ogre
 13651 | D:12     | Noticed a two-headed ogre
 13719 | D:12     | Killed a two-headed ogre
 13720 | D:12     | Reached skill level 10 in Invocations
 13720 | D:12     | Reached XP level 13. HP: 98/111 MP: 11/19
 14283 | D:12     | Found a staircase to the Orcish Mines.
 14441 | D:12     | Found Jeasido's Antique Weapon Emporium.
 14446 | D:12     | Bought a crude morningstar for 216 gold pieces
 14446 | D:12     | Bought a brightly glowing spear for 192 gold pieces
 14446 | D:12     | Identified the +0 spear of Eternal Vigilance {antimagic,
                  | rElec rN++ Int+3} (You bought it in a shop on level 12 of
                  | the Dungeon)
 14447 | D:12     | Identified the +9 morningstar "Zust" {venom, Int+3 SInv
                  | Stlth+} (You bought it in a shop on level 12 of the
                  | Dungeon)
 14585 | D:12     | Found Ceteser's General Store.
 14591 | D:12     | Found Byrat's Antique Weapon Emporium.
 14656 | D:12     | Reached skill level 5 in Summonings
 14656 | D:12     | Reached skill level 13 in Ice Magic
 14960 | D:13     | Reached skill level 5 in Conjurations
 15387 | D:13     | Reached skill level 1 in Maces & Flails
 15515 | D:13     | Reached skill level 10 in Fighting
 16144 | D:14     | Reached XP level 14. HP: 121/121 MP: 7/21
 16192 | D:14     | Found a frozen archway.
 16207 | IceCv    | Entered an ice cave
 16586 | IceCv    | Noticed a frost giant
 16603 | IceCv    | Killed a frost giant
 16750 | IceCv    | Got a scorched platinum ring
 16851 | D:14     | You fall into a shaft and drop 1 floor!
 16851 | D:15     | Entered Level 15 of the Dungeon
 17059 | D:14     | Reached skill level 14 in Ice Magic
 17334 | D:14     | Reached skill level 5 in Maces & Flails
 17349 | D:14     | Found a gate to the Vaults.
 18153 | Lair:1   | Entered Level 1 of the Lair of Beasts
 18408 | Lair:1   | Found a gate leading to a gauntlet.
 18429 | Gauntlet | Entered a Gauntlet
 18429 | Gauntlet | Found a transporter.
 18432 | Gauntlet | Found a transporter.
 18436 | Gauntlet | Found a transporter.
 18447 | Gauntlet | Found a transporter.
 18448 | Gauntlet | Found a transporter.
 18456 | Gauntlet | Found a transporter.
 18460 | Gauntlet | Found a transporter.
 18468 | Gauntlet | Found a transporter.
 18472 | Gauntlet | Found a transporter.
 18483 | Gauntlet | Found a transporter.
 18503 | Gauntlet | Found a transporter.
 18515 | Gauntlet | Found a transporter.
 18527 | Gauntlet | Found a transporter.
 18540 | Gauntlet | Found a transporter.
 18580 | Gauntlet | Got a bone whip
 18719 | Gauntlet | Got a pair of blackened boots
 18727 | Gauntlet | Reached XP level 15. HP: 132/132 MP: 5/23
 18880 | Gauntlet | Identified the ring "Rixzoub" {*Contam Slay+5 SInv}
 19789 | Lair:2   | Reached skill level 15 in Ice Magic
 19921 | Lair:2   | Found a runed translucent door.
 19922 | Lair:2   | Found a shimmering altar of Xom.
 19922 | Lair:2   | Noticed miami27's ghost (journeyman GrFi)
 20179 | Lair:2   | Found a runed translucent door.
 20454 | Lair:2   | Identified the -3 pair of boots of Sophism {*Drain rF+
                  | Str+3} (You found it in a Gauntlet)
 20455 | Lair:2   | Identified the ring of Acaw Xizoi {Ice *Slow +Inv Str-5
                  | Slay+4} (You found it in an ice cave)
 20561 | Lair:3   | Found a staircase to the Swamp.
 20615 | Lair:3   | Noticed Fannar
 20631 | Lair:3   | Killed Fannar
 20940 | Lair:3   | Found a hole to the Spider Nest.
 22331 | Lair:4   | Reached skill level 5 in Shields
 22779 | Lair:4   | Identified the +4 whip "Beastslayer" {vorpal, rPois Will++
                  | Dex-5} (You found it in a Gauntlet)
 22932 | Lair:5   | Got a flickering platinum ring
 23261 | Lair:5   | Found a glowing silver altar of Zin.
 23826 | Lair:6   | Entered Level 6 of the Lair of Beasts
 23960 | Lair:6   | Found a dark tunnel.
 23993 | Volcano  | Entered a volcano
 24319 | Volcano  | Reached XP level 16. HP: 143/143 MP: 15/24
 24801 | Lair:6   | Reached skill level 16 in Ice Magic
 24955 | Lair:6   | Found a viscous altar of Jiyva.
 24955 | Lair:6   | Found a staircase to the Slime Pits.
 25504 | Lair:6   | Found a large runed translucent door.
 26109 | Lair:6   | Found a large runed translucent door.
 26144 | Lair:6   | Identified Sif Muna's Incunabulum of Dusty Curses
 26536 | D:7      | Got a crude buckler
 26539 | D:7      | Learned a level 1 spell: Animate Skeleton
 26718 | Orc:1    | Entered Level 1 of the Orcish Mines
 26877 | Orc:2    | Entered Level 2 of the Orcish Mines
 26898 | Orc:2    | Found Jetus's General Store.
 27002 | Orc:2    | Found Vouthrik's General Store.
 27022 | Orc:2    | Bought a scroll of holy word for 90 gold pieces
 27022 | Orc:2    | Bought a scroll of identify for 24 gold pieces
 27177 | Orc:2    | Reached skill level 1 in Necromancy
 27290 | Orc:2    | Found a staircase to the Elven Halls.
 27343 | Orc:2    | Found Iliuf's Antique Armour Shoppe.
 27366 | Orc:2    | Found an ancient bone altar of Kikubaaqudgha.
 27452 | Orc:2    | Noticed Erolcha
 27458 | Orc:2    | Killed Erolcha
 27473 | Orc:2    | Found a radiant altar of Vehumet.
 27593 | Orc:2    | Found Biereepp's General Store.
 27609 | Orc:2    | Bought a scroll of blinking for 112 gold pieces
 27609 | Orc:2    | Bought a scroll of identify for 30 gold pieces
 27609 | Orc:2    | Bought a scroll of blinking for 112 gold pieces
 27609 | Orc:2    | Bought a potion of magic for 120 gold pieces
 28398 | Orc:2    | Bought a potion of curing for 42 gold pieces
 28398 | Orc:2    | Bought a potion of curing for 42 gold pieces
 28398 | Orc:2    | Bought a potion of attraction for 42 gold pieces
 28398 | Orc:2    | Bought a scroll of enchant armour for 105 gold pieces
 28398 | Orc:2    | Bought a scroll of enchant weapon for 105 gold pieces
 28401 | Orc:2    | Identified the +2 buckler of Living the Good {rElec rPois
                  | rN+ Str+6 Dex-3} (You found it on level 7 of the Dungeon)
 28402 | Orc:2    | Identified the ring "Upnem" {rPois rC+ Str+4 Stlth-} (You
                  | found it on level 5 of the Lair of Beasts)
 28520 | Orc:2    | Found a roughly hewn altar of Beogh.
 28520 | Orc:2    | Found Zesaum's Antique Weapon Emporium.
 28520 | Orc:2    | Found Iriduwn's Magic Scroll Shoppe.
 28530 | Orc:2    | Found Piyly's Jewellery Shoppe.
 28544 | Orc:2    | Paralysed by an orc sorcerer for 3 turns
 28549 | Orc:2    | Paralysed by an orc sorcerer for 4 turns
 28615 | Orc:2    | Bought a scroll of blinking for 105 gold pieces
 28615 | Orc:2    | Bought a scroll of identify for 28 gold pieces
 28615 | Orc:2    | Bought a scroll of acquirement for 728 gold pieces
 28615 | Orc:2    | Bought a scroll of identify for 28 gold pieces
 28615 | Orc:2    | Bought a scroll of identify for 28 gold pieces
 28615 | Orc:2    | Bought a scroll of identify for 28 gold pieces
 28615 | Orc:2    | Bought a scroll of identify for 28 gold pieces
 28815 | D:11     | Acquired a scarf of resistance
 28830 | D:11     | Acquired a +1 pair of boots of stealth
 28933 | Orc:2    | Bought 3 scrolls of enchant armour for 315 gold pieces
 29595 | D:14     | Found a gate to the Vaults.
 29980 | D:15     | Found a staircase to the Depths.
 30261 | D:15     | Found a snail-covered altar of Cheibriados.
 30738 | D:15     | Reached skill level 1 in Armour
 30771 | D:15     | Reached XP level 17. HP: 132/151 MP: 15/25
 31192 | Elf:1    | Entered Level 1 of the Elven Halls
 31637 | Elf:1    | Found Fuuddabu's Book Boutique.
 31645 | Elf:1    | Found Weruduh's General Store.
 31651 | Elf:1    | Bought a potion of curing for 45 gold pieces
 31651 | Elf:1    | Bought a scroll of identify for 30 gold pieces
 31651 | Elf:1    | Bought a scroll of identify for 30 gold pieces
 31651 | Elf:1    | Bought a scroll of fog for 30 gold pieces
 31693 | Elf:1    | Reached skill level 5 in Necromancy
 31942 | Elf:1    | Noticed an Ice Fiend
 33222 | Elf:2    | Reached skill level 17 in Ice Magic
 33236 | Elf:2    | Found a runed translucent gate.
 33236 | Elf:2    | Found a runed translucent gate.
 33236 | Elf:2    | Found a runed translucent gate.
 33905 | Elf:2    | Reached skill level 5 in Armour
 34093 | Elf:1    | HP: 3/151 [deep elf knight/+0 short sword (9)]
 34961 | Elf:2    | Noticed a deep elf blademaster
 34973 | Elf:2    | Killed a deep elf blademaster
 35329 | Elf:2    | Noticed Agnes
 35342 | Elf:2    | Killed Agnes
 35354 | Elf:2    | HP: 4/151 [+2 dire flail of holy wrath (13)]
 35355 | Elf:2    | Slain by a +2 dire flail of holy wrath

Illustrated notes

Levels and vault maps discovered:
D:1:      dpeg_arrival_leaves_temple_mockup, layout_rooms, minivault_25,
          dk_noncrumbling_4
D:2:      layout_basic, chequers_ecumenical_altar_simple_redux,
          amethyst_killhole, uniq_sigmund, uniq_terence
D:3:      layout_basic, serial_rivers, chequers_serial_rivers_micro_d,
          chequers_serial_rivers_micro_e, chequers_serial_rivers_micro_b,
          chequers_serial_rivers_room_a, chequers_serial_rivers_room_a,
          chequers_serial_rivers_small_b, uniq_purgy
D:4:      layout_basic, minmay_temple_entry_large_hall, gammafunk_ghost_split,
          corexii_leaking_fountain, dk_xom_monty_hall, uniq_natasha,
          uniq_crazy_yiuf_cottage
D:5:      layout_basic, fedhas_altar_3, serial_shops, kennysheep_little_box
D:6:      lemuel_castle_with_subvaults [lemuel_castle_interior_carwin_2],
          layout_cave_pods, grunt_dithmenos_smoke
D:7:      layout_cave_pods, chequers_ossuary_entry_cave, minmay_misc_feat_room,
          kennysheep_windowed_goal, uniq_joseph, uniq_menkaure
D:8:      layout_basic, nicolae_overflow_quartered_altars
D:9:      layout_loops_ring, gammafunk_ghost_smash, minmay_ruined_shrine
D:10:     minmay_the_grid_triangle_9x9_rhombus_thin
          [minmay_the_grid_triangle_9x9_fully_insulated_deathbox,
          minmay_the_grid_triangle_9x9_prize_insulated,
          minmay_the_grid_triangle_9x9_subtriangle,
          minmay_the_grid_triangle_9x9_warning], layout_rooms,
          dpeg_oklobed_lair, minmay_guarded_unrand_finisher, uniq_erica
D:11:     layout_irregular_city
D:12:     layout_loops_ring, david_orc_4, serial_undead, serial_undead_c,
          serial_undead_a, serial_undead_e, serial_undead_d, serial_shops,
          shop_statue, shop, shop
D:13:     layout_roguey, nicolae_twisting_strands
D:14:     layout_gridville, erik_vaults_1, portal_ice_cave_entry_pillars_1,
          roderic_lattice_octagonal_star, minmay_nine_imps
D:15:     grunt_enter_depths_hoard, layout_cave_pools, lemuel_doored_altar,
          minmay_misc_feat_nine_boxes
Temple:   minmay_crystal_spiral_temple
Lair:1:   layout_regular_city, gauntlet_entry_generic, serial_bayou,
          serial_bayou_pond_e, serial_bayou_lake_a, serial_bayou_ford_a,
          serial_bayou_shore_b, infiniplex_staircase_pool
Lair:2:   gammafunk_lair_enchanted_lake, layout_misc_corridors,
          ebering_ghost_xom
Lair:3:   layout_loops_ring, swamp_mist, nicolae_spider_entry_orb_guardian,
          grunt_megastairs_1, uniq_fannar
Lair:4:   layout_layer_cave, minmay_lair_oklob_bushes
Lair:5:   layout_regular_city, lemuel_oklob_altar, serial_bayou_shore_b
Lair:6:   cheibrodos_lair_end_hotspot, layout_layer_cave, slime_altar_1,
          nicolae_volcano_entry_hallway, lemuel_fruit_fields
Orc:1:    layout_caves, nicolae_orc_lava_room
Orc:2:    kennysheep_orc_mage_school, layout_diamond_mine, serial_shops, shop,
          shop, nicolae_shop_statue_plus
Elf:1:    minmay_elf_arrival_circle, layout_loops_corners, special_room
          [special_room_orc], hangedman_elf_represent, minivault_15,
          moated_statue, minmay_shoptagon
Elf:2:    layout_rooms, uniq_agnes, uniq_louise

Skill      XL: |  1  2  3  4  5  6  7  8  9 10 11 12 13 14 15 16 17 |
---------------+----------------------------------------------------+-----
Spellcasting   | 2 3 4 5 |  5.1
Ice Magic      | 5 6 7 9 10 11 12 13 14 15 16 17 | 17.1
Stealth        | 3 4 5 6 7 8 9 |  9.6
Fighting       | 1 2 3 4 5 6 8 9 10 12 13 | 13.8
Short Blades   | 2 3 |  3.4
Shields        | 4 5 6 7 |  7.9
Dodging        | 2 3 4 |  4.0
Invocations    | 4 7 10 11 12 | 12.9
Summonings     | 2 4 5 6 |  6.0
Conjurations   | 2 4 5 |  5.0
Maces & Flails | 2 6 7 8 9 |  9.6
Necromancy     | 4 7 |  7.4
Armour         | 1 5 |  5.5

Action                   |  1- 3 |  4- 6 |  7- 9 | 10-12 | 13-15 | 16-18 || total
-------------------------+-------+-------+-------+-------+-------+-------++-------
Melee: Unarmed           |     9 |       |       |       |       |       ||     9
       Short sword       |    22 |    42 |       |       |       |       ||    64
       Dagger            |       |       |   384 |   409 |    43 |       ||   836
       Morningstar       |       |       |       |       |   634 |   517 ||  1151
Throw: Dart              |     5 |    15 |    58 |    12 |       |       ||    90
       Stone             |     2 |       |       |       |       |       ||     2
       Boomerang         |       |       |       |    27 |       |       ||    27
 Cast: Freeze            |    26 |    53 |     1 |   103 |    73 |     5 ||   261
       Ozocubu's Armour  |     1 |     5 |    27 |    50 |    76 |    46 ||   205
       Frozen Ramparts   |       |     2 |    40 |    72 |   100 |    47 ||   261
       Hailstorm         |       |       |       |    16 |   112 |    89 ||   217
       Summon Ice Beast  |       |       |       |    10 |    47 |   109 ||   166
       Animate Skeleton  |       |       |       |       |       |     4 ||     4
Invok: Minor Destruction |       |       |       |    26 |    17 |     9 ||    52
       Major Destruction |       |       |       |     8 |    18 |    23 ||    49
       Lesser Servant of |       |       |       |       |     8 |    25 ||    33
Evoke: Wand              |       |       |       |     3 |     2 |       ||     5
  Use: Scroll            |       |     5 |     5 |     6 |    22 |    21 ||    59
       Potion            |       |       |       |       |     4 |     6 ||    10
 Stab: Sleeping          |       |     1 |     6 |    10 |    25 |    11 ||    53
       Distracted        |       |       |     2 |     1 |     5 |     5 ||    13
       Confused          |       |       |     1 |       |       |       ||     1
Armor: Robe              |    14 |    12 |       |       |       |       ||    26
       Troll leather arm |       |    13 |   157 |   194 |   557 |   180 ||  1101
       Leather armour    |       |       |       |       |     5 |    11 ||    16
       Fire dragon scale |       |       |       |       |       |   193 ||   193
Dodge: Dodged            |    46 |    67 |   183 |   180 |   546 |   325 ||  1347
Block: Buckler           |       |       |     8 |   105 |   265 |   200 ||   578

Table legend: (Time is in decaauts)
 A = Elapsed time spent in this place.
 B = Non-inter-level travel time spent in this place.
 C = Inter-level travel time spent in this place.
 D = Time resting spent in this place.
 E = Time spent auto-exploring this place.
 F = Levels seen in this place.
 G = Mean time per level.
                   A        B        C        D        E       F      G
               +--------+--------+--------+--------+--------+-----+--------+
         Total |  35593 |  33460 |   2133 |   5591 |  17437 |  30 | 1186.4 |
       Dungeon |  19688 |  18438 |   1250 |   2395 |  10079 |  15 | 1312.5 |
        Temple |    132 |     68 |     64 |      0 |      0 |   1 |  132.0 |
          Lair |   7158 |   6941 |    217 |    396 |   4759 |   6 | 1193.0 |
  Orcish Mines |   2503 |   1949 |    554 |    408 |    995 |   2 | 1251.5 |
   Elven Halls |   3959 |   3911 |     48 |   1710 |   1226 |   2 | 1979.5 |
       Ossuary |    287 |    287 |      0 |     30 |     88 |   1 |  287.0 |
      Ice Cave |    610 |    610 |      0 |    119 |    159 |   1 |  610.0 |
       Volcano |    769 |    769 |      0 |    407 |      0 |   1 |  769.0 |
      Gauntlet |    482 |    482 |      0 |    126 |    129 |   1 |  482.0 |
               +--------+--------+--------+--------+--------+-----+--------+

Top non-repeatable levels by time:
    D:14: 2507 daAuts
   Elf:1: 2001 daAuts
   Elf:2: 1958 daAuts
   Orc:2: 1823 daAuts
    D:12: 1769 daAuts
     D:6: 1767 daAuts
  Lair:6: 1759 daAuts
     D:1: 1724 daAuts
     D:4: 1491 daAuts
    D:10: 1422 daAuts
  Lair:4: 1419 daAuts
    D:11: 1139 daAuts
  Lair:1: 1098 daAuts
     D:7: 1081 daAuts
    D:13: 1079 daAuts
